[Event "Team 45 45 League T26"]
[Site "Internet Chess Club"]
[Date "2005.04.14"]
[Round "5"]
[White "DTK"]
[Black "siddhu"]
[Result "1-0"]
[WhiteElo "1967"]
[BlackElo "1929"]
[TimeControl "2700+45"]

1. e4 e5 2. Nf3 Nc6 3. Bb5 a6 4. Ba4 Nf6 5. O-O Nxe4 6. d4 exd4 7. Re1 d5 8.
Nxd4 Bd6 9. Nxc6 Bxh2+ 10. Kh1 Qh4 11. Rxe4+ dxe4 12. Qd8+ Qxd8 13. Nxd8+ Kxd8
14. Kxh2 Be6 15. c3 f5 16. Be3 Ke7 17. Nd2 Rac8 18. f3 exf3 19. Nxf3 h6 20. Bd4
Rh7 21. b4 b6 22. Bc6 g5 23. Bb7 Rf8 24. Ne5 Re8 25. a4 a5 26. bxa5 bxa5 27. Bc6
Rb8 28. Bb5 Rb7 29. Re1 Kd6 30. Nd3 Rb8 31. Bc5+ Kd5 32. c4# {Black checkmated}
1-0

[Event "Team 45 45 League T26"]
[Site "Internet Chess Club"]
[Date "2005.04.18"]
[Round "5"]
[White "Loco-Motif"]
[Black "Beetlejuice"]
[Result "1-0"]
[WhiteElo "1839"]
[BlackElo "1830"]
[TimeControl "2700+45"]

1. d4 Nf6 2. c4 g6 3. Nc3 d5 4. cxd5 Nxd5 5. e4 Nxc3 6. bxc3 Bg7 7. Bc4 c5 8.
Ne2 O-O 9. Be3 Nc6 10. O-O Qc7 11. Rc1 Rd8 12. Bf4 Qd7 13. d5 Na5 14. Bd3 c4 15.
Bb1 b6 16. Bg5 Re8 17. f4 Bb7 18. Nd4 e6 19. dxe6 fxe6 20. e5 Nc6 21. Nb5 Qxd1
22. Rcxd1 Rf8 23. Nd6 Ba6 24. Be4 Na5 25. Bxa8 Rxa8 26. Ne4 Bb5 27. Be7 Nb7 28.
Nd6 Nxd6 29. Rxd6 Rc8 30. Rd8+ Rxd8 31. Bxd8 Bc6 32. a4 Bxa4 33. Ra1 b5 34. Bc7
Kf7 35. Bd6 Ke8 36. Kf2 Bh6 37. g3 Kd7 38. Ra2 Ke8 39. Bc5 Bf8 40. Bxa7 Kd7 41.
Rd2+ Kc7 42. Ke3 Ba3 43. Ke4 b4 44. cxb4 c3 45. Ra2 c2 46. Be3 Bc6+ 47. Kd4 c1=Q
48. Bxc1 Bxb4 49. Ra7+ Bb7 50. Kc4 Be1 51. Be3 h5 52. Ra1 Bd5+ 53. Kb5 Bc6+ 54.
Kc5 Bc3 55. Ra6 Bd5 56. Ra7+ Kc8 57. Kd6 Bb4+ 58. Bc5 Bd2 59. Rg7 Be4 60. Kxe6
Bf5+ 61. Kd6 h4 62. e6 hxg3 63. hxg3 {Black resigns} 1-0

[Event "Team 45 45 League T26"]
[Site "Internet Chess Club"]
[Date "2005.04.19"]
[Round "5"]
[White "camembert"]
[Black "donking"]
[Result "1-0"]
[WhiteElo "1818"]
[BlackElo "1804"]
[TimeControl "2700+45"]

1. e4 c5 2. Nf3 d6 3. d4 cxd4 4. Qxd4 Nc6 5. Bb5 Bd7 6. Bxc6 Bxc6 7. Nc3 Nf6 8.
Bg5 h6 9. Bxf6 gxf6 10. O-O-O Bg7 11. Nh4 Qc7 12. Nf5 Rg8 13. Qe3 Rc8 14. Nxg7+
Rxg7 15. Qxh6 Rg6 16. Qh8+ Kd7 17. Qh3+ e6 18. Rd2 Rcg8 19. f3 Ke7 20. g4 b5 21.
Rhd1 b4 22. Ne2 Qa5 23. Kb1 Rd8 24. Nd4 Bb7 25. f4 Rg7 26. e5 fxe5 27. fxe5 Qxe5
28. Re2 Qg5 29. Nf5+ Kf8 30. Nxg7 Qxg7 31. Qg3 Bd5 32. Rf2 a5 33. Rdf1 Rd7 34.
h3 a4 35. a3 bxa3 36. Qxa3 Qd4 37. Qd3 Qg7 38. Qc3 Qxc3 39. bxc3 Rb7+ 40. Ka1 a3
41. h4 a2 42. h5 Kg7 43. g5 e5 44. Rf6 Be6 45. h6+ Kh7 46. g6+ Kxh6 47. gxf7+
Kg7 48. f8=Q+ {Black resigns} 1-0

[Event "Team 45 45 League T26"]
[Site "Internet Chess Club"]
[Date "2005.04.16"]
[Round "5"]
[White "Joyoyo"]
[Black "gartman"]
[Result "0-1"]
[WhiteElo "1660"]
[BlackElo "1654"]
[TimeControl "2700+45"]

1. e4 c5 2. Nc3 Nc6 3. f4 g6 4. Nf3 Bg7 5. Bc4 e6 6. d3 Nge7 7. O-O O-O 8. a3 d5
9. Bb3 b6 10. Qe1 Ba6 11. Rf2 c4 12. dxc4 dxe4 13. Nxe4 Nd4 14. Kh1 Nxb3 15.
cxb3 Nc6 16. Be3 Qc7 17. Rd1 Rad8 18. Rxd8 Rxd8 19. Rd2 Bb7 20. Nc3 a6 21. Qf2
Rxd2 22. Nxd2 b5 23. cxb5 axb5 24. Nxb5 Qd7 25. Nc4 Qd1+ 26. Qg1 Qxb3 27. Nbd6
Ba6 28. Qc1 Qd3 29. Ne5 Nxe5 30. fxe5 Bxe5 31. Nc8 Bxb2 32. Qxb2 Qxe3 33. Qb6
Qe1+ {White resigns} 0-1

[Event "Team 45 45 League T26"]
[Site "Internet Chess Club"]
[Date "2005.04.15"]
[Round "5"]
[White "PostMike"]
[Black "jmoffitt"]
[Result "0-1"]
[WhiteElo "1405"]
[BlackElo "1609"]
[TimeControl "2700+45"]

1. e4 c5 2. Nf3 d6 3. d4 cxd4 4. Nxd4 Nf6 5. Nc3 g6 6. f3 Bg7 7. Be3 O-O 8. Qd2
Nc6 9. O-O-O Bd7 10. Bc4 Rc8 11. Bb3 Ne5 12. h4 Nc4 13. Bxc4 Rxc4 14. g4 h5 15.
gxh5 Nxh5 16. Nd5 Be6 17. Nf4 Nxf4 18. Nxe6 Nxe6 19. h5 Qd7 20. h6 Bxb2+ 21.
Kxb2 Kh7 22. Ka1 Rfc8 23. Rh2 Qa4 24. Rc1 Nd4 25. c3 Nb3+ {White resigns} 0-1

[Event "Team 45 45 League T26"]
[Site "Internet Chess Club"]
[Date "2005.04.18"]
[Round "5"]
[White "fernbap"]
[Black "mickeys"]
[Result "1/2-1/2"]
[WhiteElo "1747"]
[BlackElo "1611"]
[TimeControl "2700+45"]

1. Nf3 Nf6 2. c4 d5 3. cxd5 Nxd5 4. d4 g6 5. e4 Nb6 6. a4 a5 7. Nc3 Bg7 8. Be3
O-O 9. h3 Nc6 10. Bb5 Nb4 11. O-O c6 12. Be2 Be6 13. Rc1 Nc4 14. b3 Nxe3 15.
fxe3 Bh6 16. Qd2 Bxb3 17. Ne5 Be6 18. Rf2 Qb6 19. Ng4 Bxg4 20. Bxg4 e5 21. Rf3
Rad8 22. d5 cxd5 23. Nxd5 Nxd5 24. exd5 e4 25. Rg3 Bf4 26. Kh2 Qd6 27. Qf2 Bxg3+
28. Qxg3 Qxd5 29. Be2 Qd2 30. Re1 f5 31. Bc4+ Kg7 32. Qe5+ Kh6 33. Qg3 f4 34.
Qh4+ Kg7 35. Qe7+ Kh6 36. Qh4+ Kg7 37. Qe7+ {Game drawn by mutual agreement}
1/2-1/2

[Event "Team 45 45 League T26"]
[Site "Internet Chess Club"]
[Date "2005.04.14"]
[Round "5"]
[White "allanchs"]
[Black "Pawndemonium"]
[Result "0-1"]
[WhiteElo "1626"]
[BlackElo "1679"]
[TimeControl "2700+45"]

1. e4 e6 2. d4 d5 3. Nc3 Bb4 4. e5 c5 5. a3 Bxc3+ 6. bxc3 Ne7 7. Qg4 Qc7 8. Qxg7
Rg8 9. Qxh7 cxd4 10. Kd1 Qxe5 11. Nf3 Qc7 12. cxd4 Nbc6 13. Be3 Qb6 14. Qd3 Bd7
15. g3 Na5 16. Nd2 Ba4 17. Rb1 Qd6 18. Qc3 b6 19. Bb5+ Bxb5 20. Rxb5 Rc8 21. Qb2
Nf5 22. Bf4 Qc6 23. Rb4 Nc4 24. Nxc4 dxc4 25. Re1 Nxd4 26. c3 Nb3 27. Rb5 Qf3+
28. Qe2 Qxc3 29. Qe3 Rd8+ 30. Ke2 Nd4+ {White resigns} 0-1

[Event "Team 45 45 League T26"]
[Site "Internet Chess Club"]
[Date "2005.04.15"]
[Round "5"]
[White "Kaseirovski"]
[Black "TheBrewer"]
[Result "1-0"]
[WhiteElo "1573"]
[BlackElo "1530"]
[TimeControl "2700+45"]

1. c4 e6 2. g3 Nf6 3. Bg2 d5 4. cxd5 exd5 5. Nc3 Bf5 6. d4 c6 7. Bf4 Nbd7 8. Nf3
Be7 9. O-O O-O 10. Re1 Nh5 11. Qd2 Nxf4 12. Qxf4 Bg6 13. Ne5 Nxe5 14. Qxe5 Re8
15. Qe3 Bg5 16. Qf3 Qf6 17. Qxf6 Bxf6 18. e3 Re7 19. Rad1 Rae8 20. b4 a6 21. Na4
Bc2 22. Nc5 Bxd1 23. Rxd1 Rc7 24. Bh3 Be7 25. Nd3 Bd6 26. Re1 g6 27. Bg2 f5 28.
a3 b6 29. Rc1 Ra8 30. Kf1 a5 31. b5 cxb5 32. Bxd5+ Kg7 33. Rxc7+ Bxc7 34. Bxa8
Bd6 35. Bc6 Bxa3 36. Bxb5 Kf6 37. Ne5 Bd6 38. Nd7+ Ke7 39. Nxb6 Bb4 40. Nd5+ Kd6
41. Nxb4 {Black resigns} 1-0

[Event "Team 45 45 League T26"]
[Site "Internet Chess Club"]
[Date "2005.04.18"]
[Round "5"]
[White "SeniorCitizen"]
[Black "fgameiro"]
[Result "0-1"]
[WhiteElo "1373"]
[BlackElo "1508"]
[TimeControl "2700+45"]

1. e4 c5 2. Nf3 d6 3. d4 cxd4 4. Nxd4 Nf6 5. Nc3 a6 6. Bg5 e6 7. Bd3 b5 8. O-O
Qc7 9. Bxf6 gxf6 10. Nde2 Nd7 11. f4 Qa7+ 12. Kh1 Bb7 13. Ng3 h5 14. Nxh5 Ke7
15. Qf3 Bh6 16. Ng3 Rag8 17. Rae1 Kd8 18. Qf2 Qxf2 19. Rxf2 Rg4 20. Nce2 Bg7 21.
h3 Rg6 22. Kh2 Rgh6 23. Ng1 Rg8 24. a3 Bf8 25. N3e2 Be7 26. Nd4 f5 27. Rfe2 Bh4
28. Rf1 Bf6 29. c3 Nc5 30. Bxb5 axb5 31. exf5 Bxd4 32. cxd4 Nb3 33. fxe6 Rxe6
34. Rff2 Nxd4 35. Rxe6 fxe6 36. Rd2 Kd7 37. Nf3 Nxf3+ 38. gxf3 Bxf3 39. Rf2 Be4
40. Re2 Bf5 {White resigns} 0-1

[Event "Team 45 45 League T26"]
[Site "Internet Chess Club"]
[Date "2005.04.17"]
[Round "5"]
[White "rayngrant"]
[Black "BenjaminSisko"]
[Result "0-1"]
[WhiteElo "1607"]
[BlackElo "1679"]
[TimeControl "2700+45"]

1. e4 e5 2. Nf3 Nc6 3. Bc4 Nf6 4. Ng5 d5 5. exd5 b5 6. dxc6 bxc4 7. Nc3 h6 8.
Nge4 Be7 9. O-O O-O 10. h3 Bf5 11. Qe2 Nxe4 12. Nxe4 Qd5 13. Nc3 Qd4 14. Nb5 Qc5
15. d3 Qxb5 {White resigns} 0-1

[Event "Team 45 45 League T26"]
[Site "Internet Chess Club"]
[Date "2005.04.15"]
[Round "5"]
[White "Pilgrim"]
[Black "crapalot"]
[Result "1/2-1/2"]
[WhiteElo "1590"]
[BlackElo "1622"]
[TimeControl "2700+45"]

1. e4 e6 2. d3 Nc6 3. Nf3 d5 4. Nbd2 Nf6 5. g3 Bb4 6. Bg2 dxe4 7. dxe4 Nxe4 8.
O-O Nxd2 9. Nxd2 O-O 10. c3 Ba5 11. Qa4 Bb6 12. Nf3 Bd7 13. Qc2 Qe7 14. Re1 Rad8
15. Ng5 f5 16. Bd5 Rf6 17. Qe2 exd5 18. Qxe7 Nxe7 19. Rxe7 Bc5 20. Re5 c6 21.
Nh3 Re8 22. Rxe8+ Bxe8 23. Bg5 Re6 24. Nf4 Re4 25. Kf1 Bd7 26. Nd3 Bd6 27. Bf4
Bxf4 28. gxf4 g6 29. Nc5 Re7 30. Nxb7 Bc8 31. Nc5 Be6 32. Re1 Kf7 33. Nd3 Bc8
34. Rxe7+ Kxe7 35. Nc5 Kd6 36. b4 d4 37. Ke2 dxc3 38. Kd3 Be6 39. Nxe6 Kxe6 40.
Kxc3 Kd5 41. Kd3 c5 42. bxc5 Kxc5 43. Kc3 h6 44. h4 Kb5 {Game drawn by mutual
agreement} 1/2-1/2

[Event "Team 45 45 League T26"]
[Site "Internet Chess Club"]
[Date "2005.04.16"]
[Round "5"]
[White "Millwright"]
[Black "Smart"]
[Result "0-1"]
[WhiteElo "1348"]
[BlackElo "1610"]
[TimeControl "2700+45"]

1. e4 d6 2. Nf3 Bg4 3. d4 Nf6 4. e5 dxe5 5. dxe5 Qxd1+ 6. Kxd1 Ne4 7. Be3 Nd7 8.
Bd3 Nec5 9. h3 Bxf3+ 10. gxf3 Nxd3 11. cxd3 Nxe5 12. Ke2 e6 13. Rg1 g6 14. f4
Nc6 15. Nc3 a6 16. a3 Bg7 17. Rac1 O-O 18. h4 h5 19. b4 Nd4+ 20. Bxd4 Bxd4 21.
Rc2 Bf6 22. Ne4 Bd8 23. Ng5 c6 24. Nf3 Bf6 25. Rd1 Rfd8 26. Rcd2 Rd6 27. d4 Rad8
28. Rd3 b6 29. Ke3 Rd5 30. Ke2 a5 31. Ke3 axb4 32. axb4 Be7 33. Rb1 c5 34. bxc5
bxc5 35. Ke4 cxd4 36. Rxd4 Rxd4+ 37. Nxd4 Bxh4 {White resigns} 0-1

[Event "Team 45 45 League T26"]
[Site "Internet Chess Club"]
[Date "2005.04.18"]
[Round "5"]
[White "wojozim"]
[Black "Gomer"]
[Result "1-0"]
[WhiteElo "1399"]
[BlackElo "1314"]
[TimeControl "2700+45"]

1. e4 e5 2. f4 Nc6 3. Nf3 d6 4. Bc4 Qf6 5. O-O Qxf4 6. Nd4 Qxe4 7. Bxf7+ Kd8 8.
Nxc6+ Qxc6 9. Nc3 b5 10. Bd5 Qc5+ 11. d4 exd4 12. Rxf8+ Kd7 13. Qg4+ Ke7 14.
Rf7+ Ke8 15. Qe4+ Be6 16. Qxe6+ {Black resigns} 1-0

[Event "Team 45 45 League T26"]
[Site "Internet Chess Club"]
[Date "2005.04.17"]
[Round "5"]
[White "Edinburgh"]
[Black "MrAnderssen"]
[Result "0-1"]
[WhiteElo "1578"]
[BlackElo "1694"]
[TimeControl "2700+45"]

1. e4 c5 2. Nf3 d6 3. d4 cxd4 4. Nxd4 Nf6 5. Nc3 g6 6. Be3 Bg7 7. f3 Nc6 8. Qd2
O-O 9. Bb5 Bd7 10. Bh6 Nxd4 11. Bxg7 Nxb5 12. Bxf8 Nxc3 13. Bxe7 Qxe7 14. Qxc3
Rc8 15. Qb4 Rxc2 16. Qxb7 Rxg2 17. O-O-O Qe5 18. h4 Bb5 {White resigns} 0-1

[Event "Team 45 45 League T26"]
[Site "Internet Chess Club"]
[Date "2005.04.17"]
[Round "5"]
[White "mSed84"]
[Black "dougmo"]
[Result "0-1"]
[WhiteElo "1665"]
[BlackElo "1561"]
[TimeControl "2700+45"]

1. e4 e6 2. d4 d5 3. e5 c5 4. c3 Qb6 5. Qa4+ Bd7 6. Qc2 cxd4 7. cxd4 Qxd4 8. Nf3
Qc5 9. Na3 Qxc2 10. Nxc2 Nc6 11. Ncd4 Bb4+ 12. Bd2 Bxd2+ 13. Kxd2 Nxd4 14. Nxd4
Ne7 15. Bb5 a6 16. Bxd7+ Kxd7 17. Rac1 Rac8 18. g4 Ng6 19. Rhe1 Rxc1 20. Kxc1
Rc8+ 21. Kd2 Ne7 22. Nb3 b6 23. a4 Rc4 24. f3 Rxa4 25. Rc1 Rc4 26. Rxc4 dxc4 27.
Kc3 cxb3 {White forfeits on time} 0-1

[Event "Team 45 45 League T26"]
[Site "Internet Chess Club"]
[Date "2005.04.16"]
[Round "5"]
[White "Two-DogMan"]
[Black "Xeranox"]
[Result "1-0"]
[WhiteElo "1537"]
[BlackElo "1528"]
[TimeControl "2700+45"]

1. e4 c5 2. Nf3 Nc6 3. d4 cxd4 4. Nxd4 Qb6 5. Nxc6 dxc6 6. Bd3 Be6 7. O-O g6 8.
Na3 Bg7 9. Nc4 Bxc4 10. Bxc4 Bxb2 11. Bxb2 Qxb2 12. Rb1 Qc3 13. Bd3 b6 14. Rb3
Qf6 15. a4 e5 16. Qd2 Ne7 17. Kh1 O-O 18. Qc3 c5 19. Rbb1 Nc6 20. f4 Qd6 21. f5
Qd4 22. Qd2 Kh8 23. Qg5 Qd8 24. f6 Qd4 25. Rf3 Nd8 26. Rh3 Ne6 27. Qh6 {Black
resigns} 1-0

[Event "Team 45 45 League T26"]
[Site "Internet Chess Club"]
[Date "2005.04.18"]
[Round "5"]
[White "fuzzface"]
[Black "moreffee"]
[Result "1/2-1/2"]
[WhiteElo "1345"]
[BlackElo "1447"]
[TimeControl "2700+45"]

1. e4 c5 2. Bb5 a6 3. Ba4 b5 4. Bb3 c4 5. Bxc4 bxc4 6. Nc3 Nc6 7. Qe2 Nd4 8.
Qxc4 Nxc2+ 9. Kd1 Nxa1 10. Nd5 Ra7 11. Nf3 e6 12. Ne3 a5 13. Qd4 Rc7 14. b3 Nxb3
15. axb3 Bc5 16. Qxg7 Qf6 17. Bb2 Qxg7 18. Bxg7 Nf6 19. Bxh8 Nxe4 20. Ke2 Ba6+
21. d3 Nc3+ 22. Bxc3 Bxe3 23. Kxe3 Rxc3 24. Ra1 Rxd3+ 25. Kf4 Rxb3 26. Rxa5 Rb4+
27. Kg3 Bd3 28. Ne5 Bg6 29. Ra7 Rb3+ 30. f3 Ke7 31. Nxd7 Kd8 32. Ne5 Ke8 33. Nd7
Rb5 34. Nf6+ Kd8 35. Ra8+ Kc7 36. Ne8+ Kd7 37. Nf6+ Kc7 38. Ne8+ Kd7 39. Nf6+
Kc7 40. Ne8+ Kd7 41. Nf6+ Kc7 {Game drawn by repetition} 1/2-1/2

[Event "Team 45 45 League T26"]
[Site "Internet Chess Club"]
[Date "2005.04.19"]
[Round "5"]
[White "bigloser"]
[Black "Fogbound"]
[Result "1-0"]
[WhiteElo "1315"]
[BlackElo "1309"]
[TimeControl "2700+45"]

1. d4 Nc6 2. Nf3 d6 3. Bg5 Nf6 4. Nbd2 Bg4 5. e3 h6 6. Bf4 e6 7. c3 Nd5 8. Bg3
Be7 9. Qb3 O-O 10. Qxb7 Na5 11. Qa6 c6 12. Qd3 Bh5 13. Be2 Bg6 14. Ne4 Nb7 15.
O-O c5 16. dxc5 Nxc5 17. Qc4 Bxe4 18. b4 Bxf3 19. bxc5 Bxe2 20. Qxe2 Nxc3 21.
Qc4 Nd5 22. cxd6 Rc8 23. Qa6 Bf6 24. Rac1 Rxc1 25. Rxc1 Nb4 26. Qb7 Qa5 27. Rc8
Nd3 28. Rxf8+ Kh7 29. Qb1 Qf5 30. d7 Be5 31. Rh8+ Kxh8 32. d8=Q+ Kh7 33. Qdxd3
Bxg3 34. Qxf5+ exf5 35. hxg3 Kg6 36. e4 Kh7 37. exf5 f6 38. Qb7 Kh8 39. Qxa7 Kh7
40. a4 h5 41. a5 h4 42. gxh4 Kh6 43. Qf7 Kh7 44. Qg6+ Kg8 45. a6 Kf8 46. a7 Ke7
47. a8=Q Kd6 48. Qge8 Kc7 49. Qad8+ Kb7 50. Qdd7+ Kb6 51. Qec8 g6 52. Qdb7+ Ka5
53. Qca8# {Black checkmated} 1-0

[Event "Team 45 45 League T26"]
[Site "Internet Chess Club"]
[Date "2005.04.15"]
[Round "5"]
[White "klt713"]
[Black "Mutaant"]
[Result "0-1"]
[WhiteElo "1184"]
[BlackElo "1208"]
[TimeControl "2700+45"]

1. d4 d5 2. c4 c6 3. Nc3 Nf6 4. Nf3 Bg4 5. Ne5 Bf5 6. e3 e6 7. Bd3 Bxd3 8. Qxd3
Bb4 9. O-O O-O 10. a3 Bd6 11. c5 Bc7 12. f4 Nbd7 13. Qe2 b6 14. Nxc6 Qe8 15. Nb5
Bb8 16. Nxb8 Qxb8 17. Nd6 bxc5 18. dxc5 Nxc5 19. b4 Qxd6 20. bxc5 Qxc5 21. a4
Ne4 22. Bb2 Rfb8 23. Rfc1 Rxb2 24. Qxb2 Qxe3+ 25. Qf2 Qxf2+ 26. Kh1 Qxf4 27. Rc2
h6 28. Raa2 Qf1# {White checkmated} 0-1

[Event "Team 45 45 League T26"]
[Site "Internet Chess Club"]
[Date "2005.04.18"]
[Round "5"]
[White "katzman"]
[Black "ffplayer"]
[Result "0-1"]
[WhiteElo "1047"]
[BlackElo "1206"]
[TimeControl "2700+45"]

1. e4 e5 2. Nf3 d6 3. Nc3 Nd7 4. Bb5 c6 5. Bc4 b5 6. Bb3 Ndf6 7. d3 Bg4 8. Bg5
Bxf3 9. Qxf3 a5 10. Bxf6 Nxf6 11. a3 a4 12. Ba2 Be7 13. O-O O-O 14. Rfe1 Rb8 15.
Red1 c5 16. b4 axb3 17. Bxb3 Qd7 18. a4 bxa4 19. Bxa4 Qg4 20. Qxg4 Nxg4 21. h3
Nf6 22. Nd5 Nxd5 23. exd5 Bf6 24. Rab1 h6 25. Rxb8 Rxb8 26. c4 Bd8 27. Rf1 Rb2
28. f4 Rd2 29. fxe5 dxe5 30. Rb1 Kf8 31. Rb8 Ke7 32. d6+ Kxd6 33. Rxd8+ Ke7 34.
Ra8 Rxd3 35. Bc6 Kf6 36. Ra6 Rd6 37. Kf1 e4 38. Ke2 Ke5 39. Ke3 f5 40. g4 f4+
41. Ke2 Kd4 42. h4 g5 43. hxg5 hxg5 44. Kf2 Rf6 45. Ke2 f3+ 46. Kf2 {White
resigns} 0-1

[Event "Team 45 45 League T26"]
[Site "Internet Chess Club"]
[Date "2005.04.17"]
[Round "5"]
[White "markev"]
[Black "Schach-Prinz"]
[Result "1-0"]
[WhiteElo "1362"]
[BlackElo "1340"]
[TimeControl "2700+45"]

1. d4 c6 2. c4 e6 3. e4 d5 4. a3 Nf6 5. Nc3 Be7 6. Qc2 O-O 7. Bd3 c5 8. Nf3 Nc6
9. Be3 Ng4 10. e5 Nxe3 11. fxe3 cxd4 12. Bxh7+ Kh8 13. Bd3 dxc3 14. Qxc3 Bh4+
15. g3 Bg5 16. Be2 Bh6 17. O-O dxc4 18. Bxc4 Qb6 19. Rae1 Ne7 20. Nh4 Nf5 21.
Nxf5 exf5 22. Rf2 Be6 23. Bf1 Rac8 24. Qd2 Rfd8 25. Qe2 Qa5 26. Bh3 Qxe5 27. Qh5
Qa5 28. Rff1 Kg8 29. e4 fxe4 30. Qxa5 Bd2 31. Qh5 Bxh3 32. Qxf7+ Kh7 33. Qh5+
Kg8 34. Qxh3 Re8 35. Rxe4 Red8 36. Qe6+ {Black resigns} 1-0

[Event "Team 45 45 League T26"]
[Site "Internet Chess Club"]
[Date "2005.04.16"]
[Round "5"]
[White "SandiaCaveMan"]
[Black "cazj"]
[Result "0-1"]
[WhiteElo "1328"]
[BlackElo "1340"]
[TimeControl "2700+45"]

1. d4 d5 2. Nf3 Nf6 3. e3 Bf5 4. Nbd2 e6 5. c3 Nc6 6. Bb5 Bd6 7. O-O O-O 8. Re1
a6 9. Be2 Re8 10. Nb3 Qe7 11. c4 b6 12. c5 bxc5 13. Bd3 Bxd3 14. dxc5 Bxc5 15.
Qxd3 Bd6 16. Nbd4 Nd8 17. Bd2 c5 18. Ne2 e5 19. Qf5 e4 20. Ng5 Qe5 21. Qxe5 Bxe5
22. Rab1 d4 23. f4 dxe3 24. Bxe3 Bd6 25. Rbd1 Nb7 26. Ng3 h6 27. Nh3 c4 28. Nf5
Bc5 29. Bxc5 Nxc5 30. Rc1 Nd3 31. Nd6 Re6 32. Rxc4 Nxe1 33. Rc8+ Rxc8 34. Nxc8
Nd3 35. f5 Re8 36. Nd6 Rd8 37. Nc4 Ng4 38. b3 Nde5 39. Nf2 Nxf2 40. Nxe5 Nd3 41.
Nc6 Rd6 42. Na5 Rd5 43. Nc6 Rc5 44. Ne7+ Kf8 {White resigns} 0-1

[Event "Team 45 45 League T26"]
[Site "Internet Chess Club"]
[Date "2005.04.15"]
[Round "5"]
[White "Midwest-Rook"]
[Black "Traho"]
[Result "1-0"]
[WhiteElo "1310"]
[BlackElo "1269"]
[TimeControl "2700+45"]

1. e4 c6 2. c4 e5 3. Nf3 d6 4. d4 Be7 5. Nc3 f6 6. Be3 Be6 7. d5 Bf7 8. Be2 c5
9. O-O Qc8 10. Nh4 a6 11. Bg4 Nd7 12. Nf5 Kf8 13. Qa4 Nb6 14. Qd1 Be8 15. Nxe7
Qd8 16. Nf5 g6 17. Nh6 Bd7 18. b3 Qc8 19. Qf3 Bxg4 20. Nxg4 Ke7 21. Bh6 Nd7 22.
Bg7 g5 23. Bxh8 Qf8 24. Qf5 Nh6 25. Bxf6+ Nxf6 26. Qe6+ Kd8 27. Qxf6+ Qxf6 28.
Nxf6 Ke7 29. Nxh7 Rh8 30. Nxg5 {Black resigns} 1-0

[Event "Team 45 45 League T26"]
[Site "Internet Chess Club"]
[Date "2005.04.17"]
[Round "5"]
[White "Tom45"]
[Black "rpgrossman"]
[Result "1-0"]
[WhiteElo "1113"]
[BlackElo "1030"]
[TimeControl "2700+45"]

1. e4 e5 2. Nf3 Nc6 3. Nc3 Bc5 4. Bc4 Nh6 5. O-O Qf6 6. Nd5 Qd8 7. d3 Ng4 8. h3
Nxf2 9. Rxf2 Bxf2+ 10. Kxf2 Nd4 11. Nxd4 exd4 12. Nf4 Qf6 13. Kg1 b6 14. Qe1 Bb7
15. Nd5 Bxd5 16. exd5+ Qe7 17. Qxe7+ Kxe7 18. Bg5+ f6 19. Re1+ Kd6 20. Bf4+ Kc5
21. a3 Rae8 22. b4# {Black checkmated} 1-0

[Event "Team 45 45 League T26"]
[Site "Internet Chess Club"]
[Date "2005.04.15"]
[Round "5"]
[White "bigarrow"]
[Black "room-matt"]
[Result "1-0"]
[WhiteElo "1868"]
[BlackElo "1917"]
[TimeControl "2700+45"]

1. e4 e5 2. Nf3 Nc6 3. Bb5 f5 4. Nc3 Nf6 5. exf5 Nd4 6. O-O Nxb5 7. Nxb5 e4 8.
Nfd4 c5 9. Nb3 d5 10. d3 a6 11. Nc3 Bd6 12. dxe4 dxe4 13. Re1 Bxf5 14. Bg5 Qc7
15. Bxf6 gxf6 16. g3 O-O-O 17. Qd5 Bg4 18. Qxe4 f5 19. Qe6+ Qd7 20. Qxd7+ Rxd7
21. Na4 Rc7 22. Re6 Kd7 23. Rae1 f4 24. Rf6 fxg3 25. Nb6+ Kc6 26. Nc4 gxh2+ 27.
Kh1 Rd8 28. Ne5+ {Black resigns} 1-0

[Event "Team 45 45 League T26"]
[Site "Internet Chess Club"]
[Date "2005.04.15"]
[Round "5"]
[White "rph"]
[Black "Fegary"]
[Result "1-0"]
[WhiteElo "1832"]
[BlackElo "1690"]
[TimeControl "2700+45"]

1. d4 d6 2. c4 Nf6 3. Nc3 g6 4. e4 Bg7 5. Nge2 Nbd7 6. Ng3 c5 7. d5 O-O 8. Be2
a6 9. Be3 Ne5 10. h3 Qa5 11. O-O Qb4 12. Qb3 Qxb3 13. axb3 Ne8 14. f4 Nd7 15. h4
h5 16. Bd2 Nc7 17. Nd1 b6 18. Bc3 Nf6 19. Ne3 Bd7 20. e5 Nh7 21. Rad1 b5 22. b4
cxb4 23. Bxb4 a5 24. Bc3 b4 25. Bd4 a4 26. c5 Bb5 27. exd6 Bxe2 28. Bxg7 exd6
29. Bxf8 Bxf1 30. Bxd6 Nxd5 31. Nxd5 Bc4 32. Nb6 {Black resigns} 1-0

[Event "Team 45 45 League T26"]
[Site "Internet Chess Club"]
[Date "2005.04.17"]
[Round "5"]
[White "Mikey29a"]
[Black "chessateer"]
[Result "0-1"]
[WhiteElo "1627"]
[BlackElo "1824"]
[TimeControl "2700+45"]

1. e4 e5 2. Nf3 Nf6 3. Nxe5 d6 4. Nf3 Nxe4 5. d4 d5 6. Bd3 Be7 7. O-O O-O 8. c4
Nf6 9. c5 b6 10. b4 a5 11. bxa5 bxc5 12. dxc5 Bxc5 13. Bd2 Ba6 14. Bxa6 Nxa6 15.
a3 Ne4 16. Qa4 Qf6 17. Ra2 Rab8 18. Rc2 Bxf2+ 19. Rxf2 Rxb1+ 20. Rf1 Rxf1+ 21.
Kxf1 Nxd2+ 22. Rxd2 c6 23. Rc2 c5 24. Qb5 Rb8 25. Re2 g5 26. Re8+ Rxe8 27. Qxe8+
Kg7 28. Qe5 Qxe5 29. Nxe5 Kf6 30. Nd3 Kf5 31. Ke2 Ke4 32. Kd2 h5 33. Kc3 f5 34.
h3 f4 35. a4 c4 36. Nb4 Nc5 37. a6 Nxa4+ 38. Kc2 d4 39. a7 d3+ 40. Kd2 c3+ 41.
Kd1 Nb6 42. Kc1 g4 {White resigns} 0-1

[Event "Team 45 45 League T26"]
[Site "Internet Chess Club"]
[Date "2005.04.15"]
[Round "5"]
[White "sigma33"]
[Black "ChessicStudent"]
[Result "1-0"]
[WhiteElo "1506"]
[BlackElo "1501"]
[TimeControl "2700+45"]

1. d4 Nf6 2. Nf3 d5 3. e3 e6 4. Nbd2 c5 5. c3 Nc6 6. a3 a6 7. Bd3 b5 8. dxc5
Bxc5 9. Nd4 Bb7 10. N2f3 O-O 11. O-O Qc7 12. Bd2 e5 13. Nxc6 Bxc6 14. Bf5 Bd7
15. Bxd7 Nxd7 16. Re1 e4 17. Nd4 Ne5 18. Rb1 Bxd4 19. exd4 Nd3 20. Re3 f5 21.
Rh3 Rf6 22. Bg5 Rg6 23. Qh5 Kf7 24. Bd2 Qd7 25. f4 Rh8 26. Rg3 Qe6 27. Rg5 Kf6
28. Rxg6+ {Black resigns} 1-0

[Event "Team 45 45 League T26"]
[Site "Internet Chess Club"]
[Date "2005.04.16"]
[Round "5"]
[White "megamaster"]
[Black "tarheels"]
[Result "1-0"]
[WhiteElo "2083"]
[BlackElo "1787"]
[TimeControl "2700+45"]

1. e4 c5 2. Nf3 Nc6 3. d4 cxd4 4. Nxd4 e5 5. Nf3 Nf6 6. Bc4 Be7 7. O-O O-O 8.
Nc3 d6 9. Bg5 Bg4 10. h3 Bh5 11. a3 Rc8 12. Be2 Qb6 13. Be3 Qd8 14. Qd3 Re8 15.
Rad1 Bf8 16. Rfe1 d5 17. Nxd5 Nxd5 18. Qxd5 Qxd5 19. exd5 Bxf3 20. Bxf3 e4 21.
Bg4 Ne5 22. Bxc8 Rxc8 23. Bxa7 f5 24. Bd4 Ng6 25. Bc3 Bxa3 26. bxa3 Rxc3 27. d6
Rc8 28. Rd5 Nh4 29. d7 Rd8 30. Rb1 Kf7 31. Rxb7 Ke6 32. c4 Ng6 33. a4 Ne7 34.
Rd1 Ng6 35. c5 Nf4 36. c6 {Black resigns} 1-0

[Event "Team 45 45 League T26"]
[Site "Internet Chess Club"]
[Date "2005.04.18"]
[Round "5"]
[White "chsrules88"]
[Black "tgralex"]
[Result "1-0"]
[WhiteElo "1850"]
[BlackElo "1839"]
[TimeControl "2700+45"]

1. e4 e5 2. Nf3 Nc6 3. Bb5 Bc5 4. c3 d6 5. h3 a6 6. Ba4 b5 7. Bb3 h6 8. O-O Nge7
9. d3 O-O 10. Qe2 Kh8 11. Be3 Ba7 12. Nbd2 f5 13. Ng5 Bxe3 14. fxe3 Qe8 15. Nf7+
Rxf7 16. Bxf7 Qxf7 17. exf5 Ng8 18. Qf3 Rb8 19. a4 Nce7 20. b4 Bb7 21. e4 Nf6
22. axb5 axb5 23. Qe3 Nc6 24. Kh2 Qh5 25. Qf3 Qf7 26. Qe3 Nh5 27. Rf3 Nf4 28. g3
Nh5 29. Qe2 Ra8 30. Qd1 Rxa1 31. Qxa1 g6 32. Qd1 Bc8 33. fxg6 Qxg6 34. Nf1 Kg7
35. Ne3 Ne7 36. Ng2 Qe6 37. g4 Nf4 38. Nxf4 exf4 39. Qe2 d5 40. e5 Ng6 41. d4
Nh4 42. Rxf4 Ng6 43. Rf2 h5 44. Rf6 Qe8 45. gxh5 Ne7 46. Qg2+ Kh7 47. Qg5 Ng8
48. h6 Qe7 49. Qg6+ Kh8 50. Rf7 {Black resigns} 1-0